 Dungeon Crawl Stone Soup version 0.30.0-5-g1a98f26d00 (webtiles) character file.

Game seed: 3933930290506037015

52 RascalDebosk the Magician (level 4, 0/33 HPs)
             Began as a Djinni Warper on May 10, 2023.
             Slain by a goblin
             ... wielding a +0 club
              (4 damage)
             ... on level 3 of the Dungeon.
             The game lasted 00:08:01 (1793 turns).

RascalDebosk the Magician (Djinni Warper)           Turns: 1793, Time: 00:08:02

Health: 0/33       AC:  3    Str: 10    XL:     4   Next: 8%
Gold:   111        EV: 11    Int: 16    God:
                   SH:  0    Dex: 13

rFire   + + .        a - +0 falchion
rCold   x . .        (no shield)
rNeg    . . .        b - +0 leather armour
rPois   ∞            (no helmet)
rElec   .            (no cloak)
rCorr   .            (no gloves)
SInv    .            (boots unavailable)
Will    .....        q - amulet of regeneration
Stlth   +            (no ring)
HPRegen 1.05/turn    (no ring)
MPRegen 0.00/turn

%: infuse magic (-1 HP)
@: flying
A: sickness immunity, fire resistance 2, cold vulnerability 1, float, innate
caster, HP casting, extra vitality 1
a: no special abilities


You were on level 3 of the Dungeon.
You visited 1 branch of the dungeon, and saw 3 of its levels.

You collected 111 gold pieces.

Inventory:

Hand Weapons
 a - a +0 falchion (weapon)
Missiles
 d - 7 boomerangs of dispersal (quivered)
Armour
 b - a +0 leather armour (worn)
 c - a +0 scale mail
Jewellery
 m - an amulet of faith
 q - an amulet of regeneration (around neck)
Scrolls
 g - 3 scrolls of blinking
 h - 2 scrolls of identify {unknown}
 i - a scroll of fog {unknown}
 k - a scroll of teleportation {unknown}
 l - a scroll of butterflies {unknown}
 n - a scroll of enchant weapon {unknown}
 s - a scroll of amnesia {unknown}
Potions
 e - 3 potions of curing {unknown}
 f - a potion of lignification {unknown}
 j - a potion of heal wounds {unknown}
 o - a potion of might {unknown}
 p - a potion of haste {unknown}
 r - a potion of mutation {unknown}


   Skills:
 - Level 2.0 Fighting
 - Level 1.7 Long Blades
 - Level 0.7 Throwing
 - Level 1.0 Armour
 - Level 2.1 Dodging
 + Level 3.6 Spellcasting


You knew the following spells:

 Your Spells              Type           Power      Damage    Failure   Level
a - Blink                 Tloc           28%        N/A       9%          2
b - Lesser Beckoning      Tloc           28%        N/A       9%          2
c - Vhi's Electric Charg  Tloc/Air       28%        N/A       16%         3
d - Teleport Other        Tloc           14%        N/A       16%         3
e - Manifold Assault      Tloc           14%        N/A       47%         4
f - Summon Small Mammal   Summ           56%        N/A       5%          1
Your spell library was empty.

Dungeon Overview and Level Annotations

Branches:
Dungeon (3/15)

Altars:


Innate Abilities, Weirdness & Mutations

You are immune to sickness and miasma.
You are immune to poison.
Your flesh is very heat resistant. (rF++)
You are vulnerable to cold. (rC-)
You float through the air rather than walking.
You learn spells naturally, not from books.
Your magical power is your life essence.
You have superior vitality. (+4 MHP)


Message History

q - an amulet of regeneration (around neck)
You barely miss the rat. The rat bites you but does no damage.
You hit the rat.
You kill the rat!
You start resting.
HP restored.
Your amulet attunes itself to your body as you begin to regenerate more quickly.
r - a fizzy blue potion You now have 102 gold pieces (gained 4).
Found 8 stones.
A rat comes into view.
A rat is nearby!
A quokka comes into view.
You barely miss the rat. The rat bites you but does no damage.
You barely miss the rat. The rat bites you but does no damage.
The quokka misses you. The rat barely misses you.
You hit the rat.
You kill the rat!
The quokka closely misses you.
You barely miss the quokka. The quokka closely misses you. x2
You barely miss the quokka. The quokka bites you.
You hit the quokka.
You kill the quokka!
You see here a quokka corpse.
Found a stone staircase leading down.
s - a scroll labelled VIADU DUOLORGH A frilled lizard comes into view.
The frilled lizard hisses angrily.
The frilled lizard completely misses you.
You barely miss the frilled lizard.
The frilled lizard bites you but does no damage.
The frilled lizard barely misses you.
You miss the frilled lizard. The frilled lizard bites you.
You hit the frilled lizard.
You kill the frilled lizard!
You see here a frilled lizard corpse.
A goblin comes into view. It is wielding a +0 club.
The goblin shouts!
You see here 9 gold pieces.
A goblin is nearby!
You now have 111 gold pieces (gained 9).
Found a stone staircase leading up.
An orc priest comes into view. It is wielding a +0 club.
A rat comes into view.
The goblin hits you with a +0 club.
An orc comes into view. It is wielding a +0 short sword.
The orc shouts!
You hit the goblin.
You kill the goblin!
The orc priest invokes the aid of Beogh against you.
Pain shoots through your body!
Cast which spell? (? or * to list)
The spell is quite dangerous to miscast (16% risk of failure)!
Continue anyway?
Okay, then.
The orc priest mumbles some strange prayers to Beogh against you.
Pain shoots through your body!
You closely miss the rat. The rat closely misses you.
You barely miss the rat. The rat barely misses you.
The rat bites you but does no damage.
A goblin comes into view. It is wielding a +0 club.
The goblin shouts!
You hit the orc priest but do no damage.
The rat bites you but does no damage. The orc hits you with a +0 short sword.
An orc wizard comes into view. It is wielding a +0 dagger.
The orc priest begins to cast a cantrip, but forgets the words!
The orc wizard shouts!
You hit the orc priest but do no damage.
The orc priest looks satisfied for a moment.
The orc hits you with a +0 short sword. The rat misses you.
You closely miss the orc priest. The orc priest hits you with a +0 club.
The orc closely misses you. The rat bites you.
You hit the orc priest but do no damage.
The orc priest closely misses you. The orc misses you. The rat misses you.
You hit the orc priest but do no damage.
The orc priest hits you with a +0 club. The orc hits you with a +0 short sword.
The rat bites you. The orc closely misses you.
The rat bites you but does no damage.
You barely miss the orc priest. The rat barely misses you.
The orc priest looks encouraged for a moment.
The orc closely misses you.
You hit the orc priest.
The orc priest is moderately wounded.
The orc wizard hits you with a +0 dagger.
The orc priest hits you with a +0 club. The rat bites you.
* * * LOW HITPOINT WARNING * * *
The orc barely misses you.
You closely miss the orc priest.
The orc priest is moderately wounded.
The goblin hits you but does no damage.
The orc priest mumbles some strange prayers to Beogh against you.
Beogh smites you!
* * * LOW HITPOINT WARNING * * *
The orc hits you with a +0 short sword.
* * * LOW HITPOINT WARNING * * *
The orc wizard hits you but does no damage.
The rat barely misses you.
You hit the orc priest but do no damage.
The orc priest is moderately wounded.
The goblin hits you with a +0 club.
You die...

.. #....... ..##..
####### ##.##....
......##.....##... #....
..............#.# #....
................# #....
...............# #.#..
...............# ##.###
...<..oo)......# #.....
......r@....†..# ##..(..
......og.......###......
........................
......##....>##.#.......
...### ###..###.#.......
.. ##.# #.#....... . #.#
#.#.#.....
#.##....#.....
#....#######


You could see an orc priest, an orc wizard, an orc, a goblin and a rat.

Vanquished Creatures
  An adder (D:2)
  A worm (D:2)
  2 ball pythons (D:1)
  2 endoplasms (D:1)
  A giant cockroach (D:1)
  4 goblins
  4 hobgoblins (D:1)
  7 kobolds
  4 quokkas
  3 bats (D:1)
  5 frilled lizards
  3 rats
37 creatures vanquished.

Notes
Turn   | Place    | Note
-------+----------+-------------------------------------------
     0 | D:1      | RascalDebosk the Djinni Warper began the quest for the Orb.
     0 | D:1      | RascalDebosk set off with the following spells memorised:
                  | Blink, Lesser Beckoning, Vhi's Electric Charge, Teleport
                  | Other, Manifold Assault.
     0 | D:1      | Reached XP level 1. HP: 18/18 MP: 0/0
    94 | D:1      | Reached XP level 2. HP: 23/23 MP: 0/0
   203 | D:1      | Reached skill level 3 in Spellcasting
   508 | D:1      | Reached XP level 3. HP: 25/28 MP: 0/0
   508 | D:1      | Learned a level 1 spell: Summon Small Mammal
  1586 | D:2      | Reached XP level 4. HP: 33/33 MP: 0/0
  1793 | D:3      | Slain by a goblin

Illustrated notes

Levels and vault maps discovered:
D:1:      amcnicky_arrival_wind_blow, layout_basic
D:2:      layout_loops_ring
D:3:      minmay_roachtagon, layout_rooms, serial_shops, shop

Skill      XL: |  1  2 |
---------------+-------+-----
Spellcasting   | 3 |  3.6
Fighting       | |  2.0
Long Blades    | |  1.7
Throwing       | |  0.7
Armour         | |  1.0
Dodging        | |  2.1

Action                     |  1- 3 |  4- 6 || total
---------------------------+-------+-------++-------
  Melee: Falchion          |   125 |    23 ||   148
         Punch             |     1 |       ||     1
 Armour: Leather armour    |    35 |     9 ||    44
  Dodge: Dodged            |    88 |    21 ||   109
